 Dungeon Crawl Stone Soup version 0.28.0 (webtiles) character file.

Game seed: 13145429801115867725

684 Findor the Slasher (level 7, -2/55 HPs)
             Began as a Barachi Fighter on Feb 12, 2022.
             Was a Follower of Okawaru.
             Slain by an ogre (23 damage)
             ... on level 6 of the Dungeon.
             The game lasted 00:06:17 (4473 turns).

Findor the Slasher (Barachi Fighter)                Turns: 4473, Time: 00:06:18

Health: -2/55      AC: 17    Str: 20      XL:     7   Next: 62%
Magic:  0/7        EV:  6    Int:  6 (8)  God:    Okawaru [*.....]
Gold:   124        SH:  4    Dex: 10 (11) Spells: 6/6 levels left

rFire   . . .      SeeInvis .   a - +0 long sword (elec)
rCold   + . .      Faith    .   c - +0 buckler
rNeg    . . .      Spirit   +   m - +0 plate armour
rPois   .          Reflect  .   (no helmet)
rElec   .          Harm     .   (no cloak)
rCorr   .          Rampage  .   o - +0 pair of gloves
Will    .....                   (no boots)
Stlth   ..........              v - amulet of guardian spirit
HPRegen 0.18/turn               n - +4 ring of protection
MPRegen 0.10/turn               u - ring of protection from cold

@: unable to hop, slow
A: amphibious, slowness 1, strong legs 1, +LOS
a: Hop, Renounce Religion, Heroism


You were on level 6 of the Dungeon.
You worshipped Okawaru.
Okawaru was aware of your devotion.
You visited 1 branch of the dungeon, and saw 6 of its levels.

You collected 124 gold pieces.


Innate Abilities, Weirdness & Mutations

You are amphibious.
You cover ground slowly.
You can hop short distances.
You have an extended range of vision and can be seen from far away.


   Skills:
 + Level 4.8 Fighting
 * Level 7.6 Long Blades
 + Level 4.7 Armour
 + Level 2.7 Dodging
 + Level 4.3 Shields


You had 6 spell levels left.
You didn't know any spells.
Your spell library contained the following spells:

 Spells                   Type           Power      Damage    Failure   Level
 Gell's Gravitas          Tloc           0%         N/A       100%        3
 Lesser Beckoning         Tloc           0%         N/A       100%        3
 Teleport Other           Tloc           0%         N/A       100%        3

Inventory:

Hand Weapons
 a - a +0 long sword of electrocution (weapon)
Missiles
 p - 7 poisoned darts
 r - 2 throwing nets {!f}
Armour
 c - a +0 buckler (worn)
 m - a +0 plate armour (worn)
   (You found it on level 3 of the Dungeon)
 o - a +0 pair of gloves (worn)
   (You found it on level 3 of the Dungeon)
Jewellery
 n - a +4 ring of protection (left hand)
   (You found it on level 3 of the Dungeon)
 u - a ring of protection from cold (right hand)
   (You found it on level 4 of the Dungeon)
 v - an amulet of guardian spirit (around neck)
   (You found it on level 4 of the Dungeon)
Wands
 x - a wand of acid (1)
   (You found it on level 5 of the Dungeon)
Scrolls
 d - a scroll of fog
 h - a scroll of noise {!r}
 k - a scroll of identify {@r1}
Potions
 e - a potion of flight {unknown}
 g - 3 potions of berserk rage {unknown}
 j - a potion of brilliance
 l - a potion of lignification {unknown}
 s - a potion of heal wounds {unknown}
 t - a potion of ambrosia {unknown}
 w - a potion of degeneration {!q}


Message History

Unknown command.
The orc barely misses you.
As you read the scroll labelled ZYGHYB HEAKIY, it crumbles to dust.
It is a scroll of identify.
h - a scroll of noise You are ready to hop once more.
The orc hits you but does no damage.
The phantom hits you but does no damage.
The orc barely misses you.
As you read the scroll labelled MAYCYSM DICAME, it crumbles to dust.
It is a scroll of brand weapon.
Your +0 long sword crackles with electricity.
a - a +0 long sword of electrocution (weapon)
The orc hits you but does no damage. The phantom barely misses you.
The orc hits you but does no damage.
As you read the scroll labelled XUIXER PENEFF, it crumbles to dust.
The creatures around you are filled with an inner flame!
It was a scroll of immolation.
The orc hits you with a +0 flail.
* * * LOW HITPOINT WARNING * * *
The phantom hits you but does no damage.
Something hits you.
* * * LOW HITPOINT WARNING * * *
The orc barely misses you.
Hop to where?
Press: ? - help, Dir - move target Boing!
A puff of flame appears from out of thin air!
The puff of flame hits you!
* * * LOW HITPOINT WARNING * * *
Found 13 gold pieces.
There is an escape hatch in the floor here.
You slide downwards.
The hatch slams shut behind you.
Reactivating autopickup.
Found a stone staircase leading down.
You barely miss the phantom. The phantom barely misses you.
You feel better. The phantom barely misses you.
Found 12 gold pieces and 26 stones.
The phantom hits you but does no damage.
A human, an ogre and an adder come into view.
The human shouts!
You hear a shout!
An ogre comes into view. It is wielding a +0 giant club.
Okay, then.
The ogre shouts!
The phantom hits you but does no damage. x2
A human comes into view. It is wielding a +0 club.
A wight comes into view. It is wielding a +2 war axe.
Found a potion of degeneration.
Found 16 gold pieces.
The ogre hits you with a +0 giant club!!
You die...

#################....
........#......>.....
........#.########...
#.....#
#$..S#########..
#(..OWO@.....!..
#...##########.$ #...
z.p.. ...p... ......#
###.... #####


You could see a phantom (inner flame), 2 ogres and an adder.

Vanquished Creatures
  Edmund (D:5)
  A sky beast (D:5)
  A necrophage (D:5)
  3 hounds
  A jelly (D:4)
  An orc priest (D:5)
  Jessica (D:2)
  2 iguanas (D:4)
  Terence (D:2)
  7 gnolls
  An adder zombie (D:5)
  A worm (D:4)
  2 dart slugs
  4 orcs
  2 bats
  4 endoplasms
  A giant cockroach (D:4)
  4 goblins
  6 hobgoblins
  3 jackals
  5 kobolds
  4 quokkas
  2 ball pythons (D:4)
  2 frilled lizards
  A rat (D:2)
61 creatures vanquished.

Notes
Turn   | Place    | Note
-------+----------+-------------------------------------------
     0 | D:1      | Findor the Barachi Fighter began the quest for the Orb.
     0 | D:1      | Reached XP level 1. HP: 18/18 MP: 1/1
   229 | D:1      | Reached skill level 3 in Long Blades
   237 | D:1      | Found a faded altar of an unknown god.
   484 | D:1      | Reached XP level 2. HP: 24/24 MP: 2/2
   945 | D:2      | Noticed Jessica
   954 | D:2      | Killed Jessica
   955 | D:2      | Reached skill level 4 in Long Blades
   955 | D:2      | Reached XP level 3. HP: 20/29 MP: 3/3
  1670 | D:2      | Noticed Terence
  1679 | D:2      | Killed Terence
  1680 | D:2      | Reached skill level 5 in Long Blades
  1680 | D:2      | Reached XP level 4. HP: 13/36 MP: 4/4
  2104 | D:3      | Reached skill level 6 in Long Blades
  2610 | D:4      | Reached XP level 5. HP: 17/42 MP: 5/5
  3079 | D:3      | Reached skill level 1 in Dodging
  3336 | D:4      | Reached XP level 6. HP: 30/48 MP: 6/6
  3463 | D:4      | Found an iron altar of Okawaru.
  3474 | D:4      | Became a worshipper of Warmaster Okawaru
  3971 | D:5      | Entered Level 5 of the Dungeon
  4061 | D:5      | Noticed Edmund
  4084 | D:5      | Killed Edmund
  4085 | D:5      | Reached skill level 7 in Long Blades
  4085 | D:5      | Reached XP level 7. HP: 33/55 MP: 4/7
  4244 | D:5      | Reached * piety under Okawaru
  4456 | D:5      | HP: 11/55 [something/puff of flame (6)]
  4468 | D:6      | Noticed a human
  4470 | D:6      | Noticed a human
  4473 | D:6      | Slain by an ogre

Levels and vault maps discovered:
D:1:      dpeg_arrival_windows_large_door, layout_basic,
          shapermc_ecumenical_altar_flowoftime
D:2:      layout_basic, uniq_terence, uniq_jessica
D:3:      layout_rooms, amcnicky_mini_pool_small, serial_bayou_pond_c
D:4:      layout_rooms, okawaru_gym_becter
D:5:      layout_cave_pods, supply_closet_lemuel, uniq_edmund
D:6:      layout_rooms, serial_shops, shop_statue, gammafunk_ghost_smash,
          minmay_ruffians

Action                   |  1- 3 |  4- 6 |  7- 9 || total
-------------------------+-------+-------+-------++-------
Melee: Long sword        |    58 |   171 |    51 ||   280
 Abil: Hop               |       |     1 |     2 ||     3
Evoke: Wand              |       |       |     1 ||     1
  Use: Potion            |     1 |     4 |     3 ||     8
       Scroll            |       |       |     4 ||     4
Armor: Scale mail        |    24 |     4 |       ||    28
       Plate armour      |       |   117 |    47 ||   164
Dodge: Dodged            |    13 |    54 |    26 ||    93
Block: Buckler           |    12 |    40 |     7 ||    59
